 Dungeon Crawl Stone Soup version 0.29.1-1-gd02db6906a (webtiles) character file.

Game seed: 4354214227094273850

483 SINSOJ the Cudgeller (level 6, -8/56 HPs)
             Began as a Minotaur Berserker on Oct 19, 2022.
             Was a Priest of Trog.
             Mangled by Pikel
             ... wielding a +2 whip of freezing
              (10 damage)
             ... on level 7 of the Dungeon.
             The game lasted 00:09:51 (5087 turns).

SINSOJ the Cudgeller (Minotaur Berserker)           Turns: 5087, Time: 00:09:51

Health: -8/56      AC:  2    Str: 23    XL:     6   Next: 87%
Magic:  5/5        EV: 13    Int:  4    God:    Trog [***...]
Gold:   248        SH:  0    Dex: 10    Spells: 5/5 levels left

rFire   . . .      SeeInvis .   q - +8 hammer "Impslayer" {venom, rElec}
rCold   . . .      Faith    .   (no shield)
rNeg    . . .      Spirit   .   b - +0 animal skin
rPois   .          Reflect  .   (helmet restricted)
rElec   +          Harm     .   (no cloak)
rCorr   .          Rampage  .   (no gloves)
Will    ++...                   (no boots)
Stlth   ++........              (no amulet)
HPRegen 1.18/turn               (no ring)
MPRegen 0.09/turn               (no ring)

@: strong-willed, on berserk cooldown, regenerating, slowed, very slow
A: horns 2, retaliatory headbutt
a: Renounce Religion, Berserk, Trog's Hand


You were on level 7 of the Dungeon.
You worshipped Trog.
Trog was most pleased with you.
You visited 1 branch of the dungeon, and saw 6 of its levels.

You collected 248 gold pieces.

Inventory:

Hand Weapons
 a - a +0 mace
 p - a +4 quarterstaff of chaos
 q - the +8 hammer "Impslayer" (weapon) {venom, rElec}
   (You found it on level 3 of the Dungeon)

   It poisons the flesh of those it strikes.
   rElec:     It insulates you from electricity.
Armour
 b - a +0 animal skin (worn)
Scrolls
 c - 2 scrolls of vulnerability {unknown}
 h - a scroll of teleportation {unknown}
 i - 2 scrolls of poison {unknown}
 j - 2 scrolls of identify {unknown}
 k - 2 scrolls of fear {unknown}
 l - a scroll of noise {unknown}
 m - a scroll of blinking {unknown}
Potions
 d - 2 potions of curing {unknown}
 e - 2 potions of flight {unknown}
 f - 2 potions of ambrosia {unknown}
 g - a potion of degeneration {unknown}
 n - a potion of lignification {unknown}
 o - a potion of mutation {unknown}
 r - a potion of might {unknown}


   Skills:
 + Level 5.6 Fighting
 + Level 6.5 Maces & Flails
 + Level 2.6 Armour
 + Level 4.1 Dodging
 + Level 2.1 Stealth


You had 5 spell levels left.
You didn't know any spells.
Your spell library was empty.

Dungeon Overview and Level Annotations

Branches:
Dungeon (7/15)             Temple (0/1) D:4

Altars:
Gozag
Okawaru
Wu Jian

Annotations:
D:7 Pikel


Innate Abilities, Weirdness & Mutations

You have a pair of horns on your head.
You reflexively headbutt those who attack you in melee.


Message History

You feel yourself slow down.
You feel sick.
You feel sick.
You are no longer poisoned.
Found a leather armour.
Found a stone staircase leading up.
The lemure attacks as you move away! The lemure hits you.
* * * LOW HITPOINT WARNING * * *
The lemure barely misses you. You furiously retaliate!
You headbutt the lemure!
A white imp comes into view.
The lemure attacks as you move away! The lemure barely misses you.
You furiously retaliate!
You headbutt the lemure. Pikel attacks as you move away! Pikel misses you.
The lemure attacks as you move away! The lemure closely misses you.
Pikel barely misses you.
(D) Dungeon (T) Temple
Where to? (Enter - D:5, ? - help)
What level of the Dungeon? (default 1, ? - help)
There are monsters nearby!
The white imp shouts!
You sock the lemure!
You headbutt the lemure, but do no damage.
The lemure is heavily wounded.
You kill the lemure!
That felt strangely unrewarding.
The lemure hits you.
* * * LOW HITPOINT WARNING * * *
Pikel closely misses you. The lemure closely misses you.
You furiously retaliate!
You headbutt the lemure! The lemure hits you!
* * * LOW HITPOINT WARNING * * *
Pikel barely misses you.
You're still recovering from your berserk rage.
Your skin crawls.
You feel strong-willed. The lemure misses you. The lemure barely misses you.
Pikel hits you with a +2 whip of freezing.
* * * LOW HITPOINT WARNING * * *
Pikel freezes you.
* * * LOW HITPOINT WARNING * * *
The lemure completely misses you.
The white imp grinds its teeth.
Pikel hits you with a +2 whip of freezing!
You die...

#...............#.#
#...............#.#
#..).)..........#.# #
#.................##
.[###.........#........#
#.................)....####
#.#.....>.5...#.....#.....#
#.....##55###.....#.###..
#......5@.###.......# ##
.........K.>..........#
#.#.....#...###.....#.#
#.#.....##..# #.....#.#
#<....###..##.....#.#
#.....# ...###.#.###
#.....# .....#.#. ##..###
...#.. #. .. ..


You could see Pikel, 3 lemures and a white imp.

Vanquished Creatures
  A water moccasin (D:7)
  A lemure (D:7)
  A bullfrog (D:7)
  A necrophage (D:4)
  Crazy Yiuf (D:3)
  A jelly (D:7)
  An iguana (D:4)
  4 gnolls (D:5)
  An adder (D:2)
  A shadow imp (D:5)
  5 worms
  3 dart slugs
  4 orcs
  4 ball pythons (D:1)
  7 endoplasms
  6 giant cockroaches
  5 goblins
  6 hobgoblins
  11 jackals
  9 kobolds
  3 quokkas
  9 bats
  4 frilled lizards
  6 rats
95 creatures vanquished.

Notes
Turn   | Place    | Note
-------+----------+-------------------------------------------
     0 | D:1      | SINSOJ the Minotaur Berserker began the quest for the Orb.
     0 | D:1      | Reached XP level 1. HP: 19/19 MP: 0/0
   280 | D:1      | Reached XP level 2. HP: 19/27 MP: 1/1
   293 | D:1      | Reached skill level 4 in Maces & Flails
   471 | D:1      | Reached ** piety under Trog
   762 | D:1      | Reached XP level 3. HP: 33/33 MP: 2/2
  1082 | D:2      | Found a faded altar of an unknown god.
  1083 | D:2      | Noticed a great orb of eyes
  1084 | D:2      | Noticed a great orb of eyes
  1085 | D:2      | Noticed a floating eye
  1085 | D:2      | Noticed a great orb of eyes
  2226 | D:2      | Found an iron altar of Okawaru.
  2370 | D:3      | Reached XP level 4. HP: 41/41 MP: 3/3
  2959 | D:3      | Reached *** piety under Trog
  3020 | D:3      | Found an opulent altar of Gozag.
  3409 | D:3      | Found a runed translucent door.
  3410 | D:3      | Noticed Crazy Yiuf
  3502 | D:3      | Killed Crazy Yiuf
  3503 | D:3      | Reached skill level 5 in Maces & Flails
  3686 | D:3      | Identified the +8 hammer "Impslayer" {venom, rElec}
  4078 | D:4      | Found a staircase to the Ecumenical Temple.
  4081 | D:4      | Reached XP level 5. HP: 47/47 MP: 4/4
  4230 | D:4      | Found an ornate altar of the Wu Jian Council.
  4330 | D:4      | Found a sand-covered staircase.
  4532 | D:4      | Reached skill level 5 in Fighting
  4532 | D:4      | Reached skill level 1 in Stealth
  4712 | D:5      | Entered Level 5 of the Dungeon
  4763 | D:5      | Reached XP level 6. HP: 46/56 MP: 5/5
  5037 | D:5      | You fall into a shaft and drop 2 floors!
  5058 | D:7      | Reached skill level 6 in Maces & Flails
  5061 | D:7      | Noticed a water moccasin
  5064 | D:7      | Noticed Pikel
  5071 | D:7      | Killed a water moccasin
  5074 | D:7      | HP: 4/84 [lemure[Pikel] (7)]
  5087 | D:7      | HP: 2/56 [Pikel/+2 whip of freezing (2)]
  5087 | D:7      | Mangled by Pikel

Illustrated notes

Levels and vault maps discovered:
D:1:      lemuel_arrival_behind_the_door_small, layout_loops_ring
D:2:      minmay_wonky_spiral, layout_rooms, basic_altar,
          hellmonk_ecumenical_altar_watching_god, minmay_misc_feat_plants,
          minmay_misc_feat_roman, minmay_indecisive_spiral
D:3:      layout_loops_corners, mainiacjoe_overflow_catwalk,
          uniq_crazy_yiuf_cottage
D:4:      layout_loops_ring, pdpol_wu_jian_five_deadly_venoms,
          minmay_temple_entry_slanted, enter_ossuary_5
D:5:      layout_basic, serial_shops, shop
D:7:      layout_rooms, ebering_ghost_rock_garden, roderic_batcave,
          lemuel_flamethrower_1, uniq_pikel

Skill      XL: |  1  2  3  4  5  6 |
---------------+-------------------+-----
Maces & Flails | 4 5 6 |  6.5
Fighting       | 4 5 |  5.6
Dodging        | 3 4 |  4.1
Stealth        | 1 2 |  2.1
Armour         | |  2.6

Action                   |  1- 3 |  4- 6 || total
-------------------------+-------+-------++-------
Melee: Mace              |    97 |   100 ||   197
       Headbutt          |    10 |    13 ||    23
       Punch             |     1 |     2 ||     3
Invok: Berserk           |       |     2 ||     2
       Trog's Hand       |       |     2 ||     2
 Stab: Sleeping          |     2 |     3 ||     5
Armor: Animal skin       |    26 |    13 ||    39
Dodge: Dodged            |    74 |   105 ||   179
